 Dungeon Crawl Stone Soup version 0.24-a0-537-g2d01d4ab0a (webtiles) character file.

Game seed: 9615468380263923641

2 Mithandil the Vexing (level 1, -1/16 HPs)
             Began as a Demonspawn Wanderer on Aug 15, 2019.
             Slain by a kobold
             ... wielding a cursed +0 short sword
              (4 damage)
             ... on level 1 of the Dungeon.
             The game lasted 00:03:24 (80 turns).

Mithandil the Vexing (Demonspawn Wanderer)            Turns: 80, Time: 00:03:24

Health: -1/16      AC:  2    Str: 10    XL:     1   Next: 25%
Magic:  0/1        EV:  8    Int: 14    God:
Gold:   16         SH:  7    Dex: 13    Spells: 0/0 levels left

rFire    . . .     SeeInvis .   a - +0 dagger
rCold    . . .     Gourm    .   c - +0 shield
rNeg     . . .     Faith    .   e - +0 robe
rPois    .         Spirit   .   (no helmet)
rElec    .         Reflect  .   (no cloak)
rCorr    .         Harm     .   (no gloves)
MR       .....                  (no boots)
Stlth    +.........             (no amulet)
HPRegen  0.05/turn              (no ring)
MPRegen  0.07/turn              (no ring)

@: very slightly contaminated
A: no striking features
a: no special abilities


You were on level 1 of the Dungeon.
You were not hungry.

You visited 1 branch of the dungeon, and saw 1 of its levels.

You collected 16 gold pieces.

Inventory:

Hand Weapons
 a - a +0 dagger (weapon)
 b - a +0 hand crossbow
Missiles
 d - 24 bolts
Armour
 c - a +0 shield (worn)
 e - a +0 robe (worn)
Comestibles
 f - a ration
 g - 2 chunks of flesh


   Skills:
 + Level 2.0 Fighting
 * Level 0.0 Short Blades
 - Level 1.0 Crossbows
 - Level 1.7 Armour
 + Level 0.0 Dodging
 + Level 0.0 Stealth
 * Level 1.8 Shields
 * Level 0.0 Spellcasting
 + Level 0.1 Conjurations
   Level 2.0 Hexes
   Level 1.1 Necromancy
 + Level 0.0 Poison Magic


You couldn't memorise any spells.
You knew the following spells:

 Your Spells              Type           Power        Failure   Level  Hunger
a - Sting                 Conj/Pois      #...         83%         1    ##.....

Your spell library contained the following spells:

 Spells                   Type           Power        Failure   Level  Hunger
 Spider Form              Tmut/Pois      #.........   99%         3    ####...


Dungeon Overview and Level Annotations

Branches:
Dungeon (1/15)

Altars:


Message History

The kobold is severely wounded.
You block the kobold's attack.
The kobold hits you with a cursed +0 short sword.
* * * LOW HITPOINT WARNING * * *
Casting: Sting (safe; 83% risk of failure)
Confirm with . or Enter, or press ? or * to list all spells.
Aiming: Sting (safe; 83% risk of failure)
Press: ? - help, Shift-Dir - straight line, f - kobold
Aim: a kobold, wielding a +0 short sword (severely wounded)
You miscast Sting.
You are very lightly contaminated with residual magic.
Nothing appears to happen.
You block the kobold's attack.
Casting: Sting (safe; 83% risk of failure)
Confirm with . or Enter, or press ? or * to list all spells.
You don't have enough magic to cast that spell.
Unknown command.
You completely miss the kobold.
The kobold is severely wounded.
The kobold hits you with a cursed +0 short sword.
You die...

.# # .# # ..
.# .#
##.##+###(##.
............
#......(.##
#.........#
#K# ###### #@#
#....#
#.#######....#
#............#
############.#
#.# #.# #.#
#.# #.#


You could see a kobold.

Vanquished Creatures
  A goblin (D:1)
  A bat (D:1)
2 creatures vanquished.

Notes
Turn   | Place    | Note
-------+----------+-------------------------------------------
     0 | D:1      | Mithandil the Demonspawn Wanderer began the quest for the
                  | Orb.
     0 | D:1      | Mithandil set off with the following items: a +0 hand
                  | crossbow, a +0 shield, 26 bolts, a +0 robe, a ration; and
                  | the following spell memorised: Sting; and the following
                  | spells available to memorise: Spider Form
     0 | D:1      | Reached XP level 1. HP: 16/16 MP: 1/1
    80 | D:1      | Slain by a kobold

Levels and vault maps discovered:
D:1:      evilmike_arrival_crescent, layout_basic

Action                   || total
-------------------------++-------
Melee: Dagger            ||     4
 Fire: Hand crossbow     ||     5
Armor: Robe              ||     1
Dodge: Dodged            ||     2
Block: Shield            ||     5

Table legend:
 A = Non-vault XP
 B = Vault XP
 C = Vault XP percentage of total XP
 D = Non-vault monster count
 E = Vault monster count
 F = Vault count percentage of total count
                 A         B        C        D         E       F
            +---------+---------+-------+---------+---------+-------
      Total |       3 |       0 |   0.0 |       2 |       0 |   0.0
            +---------+---------+-------+---------+---------+-------
        D:1 |       3 |       0 |   0.0 |       2 |       0 |   0.0
            +---------+---------+-------+---------+---------+-------
